 Dungeon Crawl Stone Soup version 0.28-a0-46-g7b1be97da7 (webtiles) character file.

Game seed: 6662235405757673504

340 grindst0ne the Skirmisher (level 6, -9/52 HPs)
             Began as a Palentonga Fighter on July 29, 2021.
             Mangled by an orc wizard (14 damage)
             ... on level 4 of the Dungeon.
             The game lasted 00:04:12 (3359 turns).

grindst0ne the Skirmisher (Palentonga Fighter)      Turns: 3359, Time: 00:04:12

Health: -9/52      AC:  7    Str: 19    XL:     6   Next: 30%
Magic:  6/6        EV:  5    Int: 11    God:
Gold:   65         SH:  9    Dex:  9    Spells: 5/5 levels left

rFire   . . .      SeeInvis +   a - +0 war axe
rCold   . . .      Faith    .   c - +0 kite shield
rNeg    . . .      Spirit   .   b - +0 scale mail
rPois   .          Reflect  .   k - +0 helmet
rElec   .          Harm     .   (no cloak)
rCorr   .          Rampage  .   (no gloves)
Will    .....                   (no barding)
Stlth   ..........              (no amulet)
HPRegen 0.17/turn               (no ring)
MPRegen 0.10/turn               (no ring)

@: hasted, very quick
A: large, rugged brown scales 3, see invisible, deformed body, roll 1, armoured
tail
a: Rolling Charge


You were on level 4 of the Dungeon.
You visited 1 branch of the dungeon, and saw 4 of its levels.

You collected 65 gold pieces.

Inventory:

Hand Weapons
 a - a +0 war axe (weapon)
Armour
 b - a +0 scale mail (worn)
 c - a +0 kite shield (worn)
 k - a +0 helmet (worn)
 m - a +0 chain mail
Wands
 n - a wand of mindburst (9)
Scrolls
 d - a scroll of teleportation {unknown}
 e - a scroll of magic mapping {unknown}
 f - a scroll of brand weapon {unknown}
 g - 2 scrolls of amnesia {unknown}
 h - a scroll of identify {unknown}
 i - a scroll of fear {unknown}


   Skills:
 + Level 4.7 Fighting
 + Level 4.1 Axes
 - Level 2.4 Armour
 + Level 3.9 Shields


You had 5 spell levels left.
You didn't know any spells.
Your spell library contained the following spells:

 Spells                   Type           Power      Damage    Failure   Level
 Gell's Gravitas          Tloc           0%         N/A       100%        3
 Teleport Other           Tloc           0%         N/A       100%        3
 Dispersal                Tloc           0%         N/A       100%        6


Dungeon Overview and Level Annotations

Branches:
Dungeon (4/15)
 Temple: D:4-7

Altars:
Makhleb
Sif Muna
Trog


Innate Abilities, Weirdness & Mutations

You are completely covered in rugged brown scales. (AC +3, +7% HP)
You have supernaturally acute eyesight. (SInv)
Armour fits poorly on your strangely shaped body.
You can roll at nearby foes to attack.
You have a long armoured tail.


Message History

The orc hits you with a +0 hand axe. The orc hits you with a +0 mace.
The orc wizard hits you with a +0 dagger.
The orc wizard hits you but does no damage.
You are electrocuted!!
* * * LOW HITPOINT WARNING * * *
The orc hits you with a +0 hand axe.
* * * LOW HITPOINT WARNING * * *
You hit the orc wizard but do no damage.
You tail-slap the orc wizard!
The orc wizard is heavily wounded.
You miss the orc. x2
Your scale mail prevents you from hitting the orc wizard.
You feel less confused. You block the orc's attack.
The orc wizard points at you and mumbles some strange words.
The magic dart hits you.
* * * LOW HITPOINT WARNING * * *
You block the orc wizard's attack. The orc hits you with a +0 hand axe.
* * * LOW HITPOINT WARNING * * *
The orc barely misses you.
The orc wizard gestures at you while chanting.
The magic dart hits you.
* * * LOW HITPOINT WARNING * * *
You hit the orc wizard.
The orc wizard is heavily wounded.
Your shield and scale mail prevent you from hitting the orc wizard.
You closely miss the orc. You slash the orc!
You kill the orc!
You block the orc wizard's attack. The orc hits you but does no damage.
The orc wizard hits you but does no damage.
The orc wizard hits you with a +2 dagger of electrocution.
* * * LOW HITPOINT WARNING * * *
It was a potion of magic.
Magic courses through your body. You block the orc's attack.
The orc wizard closely misses you. The orc wizard barely misses you.
It was a potion of haste.
You feel yourself speed up. You block the orc's attack.
The orc wizard hits you but does no damage. x2
You are electrocuted!
You die...

......##....##.........#
.......#...###.........#
...........#...........##
..oo...(..##.............#
........#................#
........##...#...........#
.......###...#............#
##....[ #.ooo.............
#.....# ##.@)......<....#.
#..... ####...#..>.#.##
##.... ...####..#.. #.....
... #....## ## ######


You could see 2 orc wizards and an orc.

Vanquished Creatures
  Grinder (D:3)
  Ijyb (D:3)
  4 adders
  3 worms
  2 orcs
  2 endoplasms (D:3)
  A giant cockroach (D:1)
  10 goblins
  2 hobgoblins (D:1)
  12 jackals
  2 quokkas
  9 ball pythons
  10 bats
  A frilled lizard (D:1)
  6 kobolds
  6 rats
72 creatures vanquished.

Notes
Turn   | Place    | Note
-------+----------+-------------------------------------------
     0 | D:1      | grindst0ne the Palentonga Fighter began the quest for the
                  | Orb.
     0 | D:1      | Reached XP level 1. HP: 19/19 MP: 1/1
   296 | D:1      | Reached XP level 2. HP: 20/25 MP: 2/2
   764 | D:1      | Reached XP level 3. HP: 28/31 MP: 3/3
   908 | D:1      | Found a faded altar of an unknown god.
  2069 | D:3      | Reached XP level 4. HP: 39/39 MP: 4/4
  2203 | D:3      | Found a bloodstained altar of Trog.
  2232 | D:3      | Noticed Ijyb
  2244 | D:3      | Killed Ijyb
  2676 | D:3      | Found a shimmering blue altar of Sif Muna.
  2682 | D:3      | Found a burning altar of Makhleb.
  2763 | D:3      | Noticed Grinder
  2782 | D:3      | Killed Grinder
  2783 | D:3      | Reached XP level 5. HP: 10/46 MP: 5/5
  2783 | D:3      | Reached XP level 6. HP: 11/52 MP: 6/6
  3359 | D:4      | Mangled by an orc wizard

Illustrated notes

Levels and vault maps discovered:
D:1:      grunt_arrival_crossed_arrows, layout_basic,
          shapermc_ecumenical_altar_mp_vishouse, minmay_3d_cube
D:2:      layout_loops_ring
D:3:      layout_basic, mainiacjoe_overflow_brackets,
          amethyst_overflow_temple_binary, uniq_ijyb, uniq_grinder
D:4:      layout_cave_pools, nicolae_shop_clearance, uniq_natasha

Skill      XL: |  1  2  3  4 |
---------------+-------------+-----
Shields        | 3 |  3.9
Axes           | 3 4 |  4.1
Fighting       | 4 |  4.7
Armour         | |  2.4

Action                   |  1- 3 |  4- 6 || total
-------------------------+-------+-------++-------
Melee: War axe           |   143 |    74 ||   217
       Tailslap          |    12 |    10 ||    22
Evoke: Wand              |       |     2 ||     2
  Use: Potion            |       |     5 ||     5
Armor: Scale mail        |    92 |    45 ||   137
Dodge: Dodged            |    36 |    18 ||    54
Block: Kite shield       |    85 |    54 ||   139

Table legend: (Time is in decaauts)
 A = Elapsed time spent in this place.
 B = Non-inter-level travel time spent in this place.
 C = Inter-level travel time spent in this place.
 D = Time resting spent in this place.
 E = Time spent auto-exploring this place.
 F = Levels seen in this place.
 G = Mean time per level.
                   A        B        C        D        E       F      G
               +--------+--------+--------+--------+--------+-----+--------+
         Total |   3481 |   3401 |     80 |    236 |   2464 |   4 |  870.2 |
       Dungeon |   3481 |   3401 |     80 |    236 |   2464 |   4 |  870.2 |
               +--------+--------+--------+--------+--------+-----+--------+

Top non-repeatable levels by time:
     D:3: 1241 daAuts
     D:1: 1212 daAuts
     D:2: 933 daAuts
     D:4: 94 daAuts
